 Dungeon Crawl Stone Soup version 0.30-a0-393-g54b8e3be05 (webtiles) character file.

Game seed: 15667298872233666282

431 ragingrage the Slasher (level 6, -3/53 HPs)
             Began as an Armataur Chaos Knight on Dec 5, 2022.
             Was a Plaything of Xom.
             Succumbed to a water moccasin's poison
             ... on level 5 of the Dungeon.
             The game lasted 00:04:05 (4415 turns).

ragingrage the Slasher (Armataur Chaos Knight)      Turns: 4415, Time: 00:04:05

Health: -3/53      AC:  9    Str: 18    XL:     6   Next: 67%
Magic:  2/6        EV:  9    Int: 12    God:    Xom [*.....]
Gold:   218        SH:  0    Dex: 11    Spells: 3/5 levels left

rFire   . . .      SeeInvis .    a - +0 scimitar
rCold   . . .      Faith    .    (no shield)
rNeg    . . .      Spirit   +    y - +2 leather armour
rPois   .          Reflect  .    (no helmet)
rElec   .          Harm     .    p - +0 cloak
rCorr   .          Roll     +    s - +0 pair of gloves
Will    .....                    (no barding)
Stlth   +.........               x - amulet of guardian spirit
HPRegen 0.28/turn                l - ring of flight
MPRegen 0.10/turn                A - ring of wizardry

@: lethally poisoned (-3 -> -26), flying
A: large, rugged brown scales 3, deformed body, armoured tail, roll, long
tongue, awkward tongue
a: Renounce Religion


You were on level 5 of the Dungeon.
You worshipped Xom.
You were a special plaything of Xom.
You visited 1 branch of the dungeon, and saw 5 of its levels.

You collected 218 gold pieces.

Inventory:

Hand Weapons
 a - a +0 scimitar (weapon)
 b - a +0 short sword of venom
 i - a +0 falchion of chaos
 r - a +0 falchion of holy wrath
Missiles
 u - 6 poisoned darts
 w - 8 boomerangs
Armour
 p - a +0 cloak (worn)
 s - a +0 pair of gloves (worn)
 y - a +2 leather armour (worn)
 z - a +2 robe of fire resistance
Jewellery
 g - a ring of ice
 l - a ring of flight (left hand)
 x - an amulet of guardian spirit (around neck)
 A - a ring of wizardry (right hand)
Scrolls
 f - 2 scrolls of identify
 j - a scroll of enchant armour {unknown}
 k - 5 scrolls of teleportation
 n - a scroll of butterflies {unknown}
 q - a scroll of immolation {unknown}
 v - a scroll of poison {unknown}
 B - a scroll of silence {unknown}
 D - a scroll of amnesia {unknown}
Potions
 d - a potion of curing
 e - a potion of mutation
 h - a potion of heal wounds {unknown}
 m - a potion of brilliance
 o - a potion of might {unknown}
 t - a potion of cancellation {unknown}
 C - a potion of degeneration {unknown}
Miscellaneous
 c - a piece from Xom's chessboard (15/15) (quivered)


   Skills:
 - Level 2.6 Fighting
 + Level 7.0 Long Blades
 - Level 2.4 Armour
 - Level 0.6 Dodging


You had 3 spell levels left.
You knew the following spells:

 Your Spells              Type           Power      Damage    Failure   Level
a - Blink                 Tloc           0%         N/A       24%         2

Your spell library contained the following spells:

 Spells                   Type           Power      Damage    Failure   Level
 Momentum Strike          Conj/Tloc      0%         3d8       24%         2
 Sublimation of Blood     Necr           0%         N/A       24%         2
 Gell's Gravitas          Tloc           0%         N/A       41%         3
 Lesser Beckoning         Tloc           0%         N/A       41%         3
 Ozocubu's Armour         Ice            0%         N/A       41%         3
 Teleport Other           Tloc           0%         N/A       41%         3
 Ice Form                 Ice/Tmut       0%         N/A       80%         4
 Manifold Assault         Tloc           0%         N/A       80%         4
 Dispersal                Tloc           0%         N/A       100%        6
 Haunt                    Necr/Summ      0%         N/A       100%        7
 Ozocubu's Refrigeration  Ice            0%         4d7       100%        7
 Storm Form               Tmut/Air       0%         N/A       100%        7


Dungeon Overview and Level Annotations

Branches:
Dungeon (5/15)
 Temple: D:4-7

Altars:
Elyvilon
Fedhas
Makhleb
Trog
Xom
Yredelemnul
Zin
The Shining One


Innate Abilities, Weirdness & Mutations

You are completely covered in rugged brown scales. (AC +3, +7% HP)
Armour fits poorly on your strangely shaped body.
You have a long armoured tail.
You roll when moving toward enemies. (Rampage)
Your long tongue fully drains potion bottles. (2x potion effects)
Your tongue gives you trouble enunciating. (1.5x scroll delay)


Message History

The water moccasin bites you but does no damage.
You closely miss the water moccasin.
The water moccasin is moderately wounded.
You feel very sick.
The water moccasin bites you but does no damage.
You hit the water moccasin.
The water moccasin is moderately wounded.
You feel very sick.
The water moccasin bites you but does no damage.
The water moccasin closely misses you.
You closely miss the water moccasin. You tail-slap the water moccasin!
The water moccasin is heavily wounded.
You feel very sick. The water moccasin bites you.
You closely miss the water moccasin.
The water moccasin is heavily wounded.
You feel very sick. The water moccasin bites you.
The water moccasin barely misses you.
You hit the water moccasin.
The water moccasin is heavily wounded.
You feel sick. The water moccasin barely misses you.
You closely miss the water moccasin.
The water moccasin is heavily wounded.
You feel sick. The water moccasin bites you!
* * * LOW HITPOINT WARNING * * *
You are lethally poisoned!
The water moccasin poisons you!
The water moccasin bites you but does no damage.
You completely miss the water moccasin. You tail-slap the water moccasin!
The water moccasin is almost dead.
* * * LOW HITPOINT WARNING * * *
You feel very sick. The water moccasin bites you.
You are more poisoned.
The water moccasin poisons you!
You barely miss the water moccasin.
Your tail-slap misses the water moccasin.
The water moccasin is almost dead.
You die...
Xom is highly amused!

.........#.........#
.........#.........#
.........#.........#
.........#.........#
.........#######..##
..............##+#####+##
..............#...#.....#
.......)...[<.#...#.....#
#########...).#.@.#.....#
.....[..#.....+S..#.....#
........#.....#...#.....#
........#.....#...#.....#
........#.....###.##.####
#########.......#.##.##.#########
#.......#.......#............#...
....†...'.......#............#...
........#.......#.......[....'...


You could see a water moccasin.

Vanquished Creatures
  Blork the orc (D:4)
  A howler monkey (D:4)
  A jelly (D:5)
  A hound (D:4)
  An orc priest (D:4)
  3 iguanas (D:4)
  An orc wizard (D:5)
  2 adders
  A shadow imp (D:5)
  2 ufetubi
  2 worms
  2 dart slugs (D:3)
  7 orcs
  4 ball pythons
  7 endoplasms
  3 giant cockroaches
  2 hobgoblins
  3 jackals (D:1)
  6 bats
  3 frilled lizards
  2 goblins
  9 kobolds
  2 rats
66 creatures vanquished.

Vanquished Creatures (others)
  An orc wizard (D:4)
1 creature vanquished.

Grand Total: 67 creatures vanquished

Notes
Turn   | Place    | Note
-------+----------+-------------------------------------------
     0 | D:1      | ragingrage the Armataur Chaos Knight began the quest for
                  | the Orb.
     0 | D:1      | Reached XP level 1. HP: 19/19 MP: 1/1
    65 | D:1      | Reached skill level 3 in Long Blades
   163 | D:1      | Got the Atlas of Macabre Hoarfrost
   318 | D:1      | Reached XP level 2. HP: 26/26 MP: 2/2
   444 | D:1      | XOM: noise
   956 | D:2      | XOM: enchant monster (good)
  1032 | D:2      | Found a burning altar of Makhleb.
  1039 | D:2      | Reached XP level 3. HP: 32/32 MP: 3/3
  1488 | D:2      | Reached skill level 4 in Long Blades
  1541 | D:2      | XOM is BORED!
  1637 | D:3      | Found a bloodstained altar of Trog.
  1776 | D:3      | XOM: confuse monster(s)
  2012 | D:3      | Learned a level 2 spell: Blink
  2338 | D:4      | XOM: fake destruction
  2345 | D:4      | Reached XP level 4. HP: 39/39 MP: 4/4
  2398 | D:4      | Noticed Blork the orc
  2411 | D:4      | Killed Blork the orc
  2412 | D:4      | Reached skill level 5 in Long Blades
  2412 | D:4      | Reached XP level 5. HP: 14/44 MP: 5/5
  2745 | D:4      | Found a glowing silver altar of Zin.
  2746 | D:4      | Found a glowing golden altar of the Shining One.
  2748 | D:4      | Found a white marble altar of Elyvilon.
  3041 | D:4      | Reached skill level 6 in Long Blades
  3199 | D:4      | Reached XP level 6. HP: 53/53 MP: 6/6
  3246 | D:4      | XOM: summons friendly quasit
  3268 | D:4      | XOM: butterfly on damage
  3527 | D:4      | Found a shimmering altar of Xom.
  3536 | D:4      | Found a basalt altar of Yredelemnul.
  3587 | D:5      | Entered Level 5 of the Dungeon
  4143 | D:5      | Noticed a water moccasin
  4151 | D:5      | XOM: scenery: 1 doors close
  4157 | D:5      | XOM: divination: detect creatures
  4161 | D:5      | XOM: 2-stop teleportation journey
  4210 | D:5      | XOM is BORED!
  4328 | D:5      | Found a blossoming altar of Fedhas.
  4362 | D:5      | Reached skill level 7 in Long Blades
  4382 | D:5      | XOM: 2-stop teleportation journey
  4403 | D:5      | XOM: scenery: 2 doors close
  4415 | D:5      | Succumbed to a water moccasin's poison

Illustrated notes

Levels and vault maps discovered:
D:1:      lemuel_arrival_river_ford, layout_basic
D:2:      layout_loops_corners, basic_altar
D:3:      layout_loops_cross, mainiacjoe_overflow_tiny_flanked, serial_rivers,
          chequers_serial_rivers_marsh, chequers_serial_rivers_marsh,
          chequers_serial_rivers_micro_d, chequers_serial_rivers_micro_b
D:4:      layout_basic, good_gods_temple_1, mainiacjoe_overflow_swirl,
          st_stairs_1, uniq_blork_the_orc
D:5:      layout_gridville, nicolae_hepliaklqana_monster_ancestors,
          fedhas_altar_4, minmay_temple_entry_junction

Skill      XL: |  1  2  3  4  5  6 |
---------------+-------------------+-----
Long Blades    | 3 4 5 6 7 |  7.0
Fighting       | |  2.6
Armour         | |  2.4
Dodging        | |  0.6

Action                   |  1- 3 |  4- 6 || total
-------------------------+-------+-------++-------
Melee: Falchion          |    25 |    10 ||    35
       Tailslap          |    13 |    13 ||    26
       Long sword        |   108 |       ||   108
       Scimitar          |       |    85 ||    85
Throw: Dart              |       |     2 ||     2
  Use: Scroll            |     1 |     3 ||     4
 Stab: Petrified         |     2 |       ||     2
Armor: Leather armour    |    72 |    45 ||   117
Dodge: Dodged            |    58 |    39 ||    97

Table legend: (Time is in decaauts)
 A = Elapsed time spent in this place.
 B = Non-inter-level travel time spent in this place.
 C = Inter-level travel time spent in this place.
 D = Time resting spent in this place.
 E = Time spent auto-exploring this place.
 F = Levels seen in this place.
 G = Mean time per level.
                   A        B        C        D        E       F      G
               +--------+--------+--------+--------+--------+-----+--------+
         Total |   4456 |   4042 |    414 |    267 |   3129 |   5 |  891.2 |
       Dungeon |   4456 |   4042 |    414 |    267 |   3129 |   5 |  891.2 |
               +--------+--------+--------+--------+--------+-----+--------+

Top non-repeatable levels by time:
     D:4: 1558 daAuts
     D:2: 889 daAuts
     D:1: 767 daAuts
     D:5: 622 daAuts
     D:3: 618 daAuts
